 Dungeon Crawl Stone Soup version 0.31-a0-188-g5e087ee2ca (webtiles) character file.

Game seed: 15322279404361205655

298 qw the Skirmisher (level 6, 0/35 HPs)
             Began as a Deep Elf Hunter on June 23, 2023.
             Slain by an orc wizard
             ... wielding a +0 falchion
              (3 damage)
             ... on level 5 of the Dungeon.
             The game lasted 00:00:57 (2833 turns).

qw the Skirmisher (Deep Elf Hunter)                 Turns: 2833, Time: 00:00:57

Health: 0/35       AC:  9    Str: 13    XL:     6   Next: 13%
Magic:  0/8        EV: 11    Int: 14    God:
Gold:   138        SH:  0    Dex: 18    Spells: 5/5 levels left

rFire   + . .        Y - +0 shortbow
rCold   . . .        (shield currently unavailable)
rNeg    . . .        k - +3 ring mail of Okawaru's Approval {rF+ Str+3 Stlth+}
rPois   .            (no helmet)
rElec   .            (no cloak)
rCorr   .            (no gloves)
SInv    .            g - +0 pair of boots
Will    .....        h - amulet of guardian spirit
Stlth   ++           (no ring)
HPRegen 0.25/turn    (no ring)
MPRegen 0.11/turn

%: guardian spirit
@: no status effects
A: no striking features
a: no special abilities


You were on level 5 of the Dungeon.
You visited 1 branch of the dungeon, and saw 5 of its levels.

You collected 138 gold pieces.


   Skills:
 - Level 2.0 Fighting
 + Level 9.3 Ranged Weapons
 - Level 3.0 Dodging
 - Level 1.2 Stealth


You had 5 spell levels left.
You didn't know any spells.
Your spell library was empty.

Inventory:

Hand Weapons
 Y - a +0 shortbow (weapon)
Armour
 g - a +0 pair of boots (worn)
 k - the +3 ring mail of Okawaru's Approval (worn) {rF+ Str+3 Stlth+}
   (You found it on level 2 of the Dungeon)

   Str:       It affects your strength (+3).
   rF:        It protects you from fire.
   Stlth:     It makes you more stealthy.
Jewellery
 h - an amulet of guardian spirit (around neck)
Scrolls
 a - a scroll of identify
 d - 2 scrolls of teleportation
Potions
 b - a potion of might
 c - a potion of enlightenment {unknown}
 e - a potion of haste
 f - a potion of heal wounds
 i - a potion of cancellation
 j - a potion of attraction {unknown}
 l - a potion of curing {unknown}

Dungeon Overview and Level Annotations

Branches:
Dungeon (5/15)
 Temple: D:4-7

Altars:
Fedhas


Message History

The orc freezes you. Something hits you. The orc barely misses you.
Something hits you but does no damage. The orc misses you.
Something hits you but does no damage. The orc hits you but does no damage.
Something hits you but does no damage.
The orc hits you with a +2 hand axe of freezing.
The orc freezes you. Something hits you but does no damage.
You feel less confused.
The orc hits you with a +2 hand axe of freezing!
The orc freezes you. Something hits you but does no damage.
You shoot an arrow. The arrow hits the orc!
You kill the orc!
You hear some strange, mumbled words.
You are confused.
Something hits you.
You shoot an arrow. Something hits you.
You shoot an arrow. Something hits you.
You shoot an arrow. Something hits you but does no damage.
You shoot an arrow.
You hear some strange, mumbled words.
A magic dart appears from out of thin air!
The magic dart hits you.
You shoot an arrow.
You feel less confused. Something hits you.
You shoot an arrow. Something hits you but does no damage.
You shoot an arrow. Something hits you but does no damage.
You shoot an arrow. Something hits you.
You shoot an arrow.
You hear some strange, mumbled words.
A magic dart appears from out of thin air!
The magic dart hits you but does no damage.
You shoot an arrow. Something hits you.
You die...

#..#..## #......#
##......## .
#..>.....## ..
##.........# ..##
#..........## #..#
#...........#
#).###...........##
#))@.............#
###{..#.....)....#
##..##)<......##
#..####.....##
##.## ##....)##
#..# ##.....###
##.## ##...!..#
#..# ##...... ##.##
##.....


There were no monsters in sight!

Vanquished Creatures
  A bullfrog (D:4)
  A hound (D:4)
  2 iguanas (D:4)
  2 orc wizards (D:5)
  4 adders
  A worm (D:2)
  10 orcs
  3 ball pythons
  7 endoplasms
  2 giant cockroaches
  5 goblins
  2 hobgoblins
  10 jackals
  2 bats (D:3)
  6 frilled lizards
  A kobold (D:1)
  4 rats
63 creatures vanquished.

Notes
Turn   | Place    | Note
-------+----------+-------------------------------------------
     0 | D:1      | qw the Deep Elf Hunter began the quest for the Orb.
     0 | D:1      | Reached XP level 1. HP: 12/12 MP: 3/3
     0 | D:1      | 0 ||| qw: Version: 0.3-a-9-g12657ce
     0 | D:1      | 0 ||| qw: Game counter: 3087
     0 | D:1      | 0 ||| qw: Always use a shield: true
     0 | D:1      | 0 ||| qw: God list: Okawaru
     0 | D:1      | 0 ||| qw: Allow faded altars: false
     0 | D:1      | 0 ||| qw: Do Orc after D:15 true
     0 | D:1      | 0 ||| qw: Do second Lair branch before Depths: true
     0 | D:1      | 0 ||| qw: Lair rune preference: random
     0 | D:1      | 0 ||| qw: Plans: Normal
     0 | D:1      | 0 ||| PLANNING D:1-11
   126 | D:1      | Reached skill level 6 in Ranged Weapons
   126 | D:1      | Reached XP level 2. HP: 16/16 MP: 4/4
   636 | D:1      | 636 ||| UPGRADING to +0 pair of boots.
   641 | D:1      | 641 ||| UPGRADING to amulet of guardian spirit.
   646 | D:1      | 646 ||| READING scroll labelled MYEKKU IZ UKK.
   651 | D:1      | 651 ||| READING scroll labelled APPIBO OBOF.
   652 | D:1      | 652 ||| DRINKING 2 viscous amethyst potions.
   653 | D:1      | 653 ||| DROPPING scroll of butterflies.
   751 | D:2      | Reached XP level 3. HP: 20/20 MP: 5/5
   947 | D:2      | Reached skill level 7 in Ranged Weapons
   955 | D:2      | Identified the +3 ring mail of Okawaru's Approval {rF+
                  | Str+3 Stlth+}
  1182 | D:2      | 1182 ||| UPGRADING to +0 ring mail.
  1192 | D:2      | 1192 ||| DROPPING +0 leather armour.
  1193 | D:2      | 1193 ||| UPGRADING to +3 ring mail of Okawaru's Approval
                  | {rF+ Str+3 Stlth+}.
  1203 | D:2      | 1203 ||| DROPPING +0 ring mail.
  1204 | D:2      | 1204 ||| READING 3 scrolls labelled CUAFOZ RUCA.
  1205 | D:2      | 1205 ||| DRINKING 2 fizzy black potions.
  1206 | D:2      | 1206 ||| READING 2 scrolls of identify.
  1206 | D:2      | 1206 ||| IDENTIFYING brown potion
  1207 | D:2      | 1207 ||| DROPPING potion of invisibility.
  1469 | D:3      | You fall into a shaft and drop 2 floors!
  1469 | D:5      | Entered Level 5 of the Dungeon
  1506 | D:5      | 1506 ||| READING 2 scrolls of identify.
  1506 | D:5      | 1506 ||| IDENTIFYING metallic grey potion
  1507 | D:5      | 1507 ||| DROPPING potion of lignification.
  1554 | D:3      | Found a faded altar of an unknown god.
  1703 | D:3      | Found a blossoming altar of Fedhas.
  2047 | D:4      | Reached XP level 4. HP: 24/25 MP: 6/6
  2070 | D:4      | Reached skill level 8 in Ranged Weapons
  2274 | D:4      | Reached XP level 5. HP: 20/29 MP: 4/7
  2348 | D:4      | Reached skill level 9 in Ranged Weapons
  2517 | D:4      | 2517 ||| DRINKING 2 smoky silvery potions.
  2518 | D:4      | 2518 ||| READING 2 scrolls of identify.
  2518 | D:4      | 2518 ||| IDENTIFYING amethyst potion
  2519 | D:4      | 2519 ||| DROPPING potion of brilliance.
  2709 | D:5      | Reached skill level 3 in Dodging
  2709 | D:5      | Reached XP level 6. HP: 32/35 MP: 6/8
  2773 | D:5      | 2773 ||| FLEEEEING.
  2774 | D:5      | 2774 ||| FLEEEEING.
  2776 | D:5      | 2776 ||| FLEEEEING.
  2777 | D:5      | 2777 ||| FLEEEEING.
  2778 | D:5      | 2778 ||| STAIRDANCE
  2792 | D:4      | 2792 ||| DRINKING 2 cyan potions.
  2825 | D:5      | HP: 7/35 [something (4)]
  2831 | D:5      | HP: 2/35 [something (3)]
  2833 | D:5      | Slain by an orc wizard

Levels and vault maps discovered:
D:1:      mrwooster_arrival_statue, layout_basic
D:2:      layout_rooms
D:3:      layout_basic, fedhas_altar_2, dilly_ecumenical_altar_fadedgnrine,
          dk_noncrumbling_2
D:4:      layout_gridville
D:5:      layout_cave_pods, elyvilon_altar_3

Skill      XL: |  1  2  3  4  5 |
---------------+----------------+-----
Ranged Weapons | 6 7 8 9 |  9.3
Fighting       | 2 |  2.0
Dodging        | 3 |  3.0
Stealth        | |  1.2

Action                     |  1- 3 |  4- 6 || total
---------------------------+-------+-------++-------
   Fire: Shortbow          |    90 |    88 ||   178
    Use: Scroll            |     5 |     1 ||     6
         Potion            |     2 |     2 ||     4
 Armour: Leather armour    |     3 |       ||     3
         Ring mail         |     1 |    30 ||    31
  Dodge: Dodged            |    11 |    22 ||    33

Table legend:
 A = Non-vault XP
 B = Vault XP
 C = Vault XP percentage of total XP
 D = Non-vault monster count
 E = Vault monster count
 F = Vault count percentage of total count
                 A         B        C        D         E       F
            +---------+---------+-------+---------+---------+-------
      Total |     426 |       0 |   0.0 |      63 |       0 |   0.0
            +---------+---------+-------+---------+---------+-------
        D:1 |      34 |       0 |   0.0 |      19 |       0 |   0.0
        D:2 |      44 |       0 |   0.0 |      11 |       0 |   0.0
        D:3 |      14 |       0 |   0.0 |      10 |       0 |   0.0
        D:4 |     219 |       0 |   0.0 |      13 |       0 |   0.0
        D:5 |     115 |       0 |   0.0 |      10 |       0 |   0.0
            +---------+---------+-------+---------+---------+-------
